 Dungeon Crawl Stone Soup version 0.19-a0-488-gf8766cc (webtiles) character file.

292155 Delvonshi the Eclecticist (level 19, -11/126 HPs)
             Began as a High Elf Wizard on June 5, 2016.
             Was the Champion of Sif Muna.
             Killed from afar by a deep elf sorcerer (39 damage)
             ... with damnation
             ... on level 3 of the Elven Halls.
             The game lasted 05:16:33 (61291 turns).

Delvonshi the Eclecticist (High Elf Wizard)        Turns: 61291, Time: 05:16:34

Health: -11/126    AC: 26    Str: 12    XL:     19   Next: 98%
Magic:  43/50      EV: 19    Int: 31    God:    Sif Muna [******]
Gold:   2487       SH:  8    Dex: 20    Spells: 12 memorised, 4 levels left

rFire  . . .     SeeInvis .     t - +0 morningstar of Qeick {pain, *Corrode MR+++ Int+2 Dex+3}
rCold  + . .     Gourm    .     w - +2 swamp dragon armour
rNeg   . . .     Faith    +     Y - +2 buckler {reflect}
rPois  +         Spirit   .     f - +2 helmet
rElec  .         Dismiss  .     e - +2 cloak {+Inv}
rCorr  .         Reflect  +     a - +3 pair of gauntlets of War {Slay+5}
SustAt .         Harm     .     n - +2 pair of boots of the Assassin {DetectMon Stab+ Stlth++}
MR     +++++                    E - amulet of Kase {Faith Str+6 Stlth-}
Stlth  +++++.....               K - ring "Ymuemar" {Wiz rPois rC+ Slay+2}
                                Z - ring of magical power

@: very slightly contaminated, hasted, repel missiles, very quick, almost
entirely resistant to hostile enchantments, quite stealthy
A: molten scales 1, magic resistance 1
a: Channel Energy, Forget Spell, Renounce Religion, Evoke Invisibility
}: 2/15 runes: decaying, gossamer


You were on level 3 of the Elven Halls.
You worshipped Sif Muna.
Sif Muna was exalted by your worship.
You were not hungry.

You visited 7 branches of the dungeon, and saw 37 of its levels.
You also visited: Sewer.

You collected 3899 gold pieces.
You spent 1412 gold pieces at shops.

Inventory:

Hand Weapons
 t - the +0 morningstar of Qeick (weapon) {pain, *Corrode MR+++ Int+2 Dex+3}
   (You found it on level 2 of the Elven Halls)

   In the hands of one skilled in necromantic magic, it inflicts extra damage on
   living creatures.
   It affects your intelligence (+2).
   It affects your dexterity (+3).
   It affects your resistance to hostile enchantments.
   It may corrode you when you take damage.
 y - the +1 whip of Gonuap {elec, MR+}
   (You found it on level 3 of the Elven Halls)

   Occasionally, upon striking a foe, it will discharge some electrical energy
   and cause terrible harm.
   It affects your resistance to hostile enchantments.
 L - the +9 flail of the Beast {flame, rF+}
   (You bought it in a shop on level 5 of the Dungeon)

   It has been specially enchanted to burn those struck by it, causing extra
   injury to most foes and up to half again as much damage against particularly
   susceptible opponents.
   It protects you from fire.
Armour
 a - the +3 pair of gauntlets of War (worn) {Slay+5}
   (You acquired it on level 1 of the Spider Nest)

   It affects your accuracy and damage with ranged weapons and melee attacks
   (+5).
 b - a +0 hat of magic resistance
 e - a +2 cloak of invisibility (worn)
 f - a +2 helmet (worn)
 n - the +2 pair of boots of the Assassin (worn) {DetectMon Stab+ Stlth++}
   (You acquired it on level 1 of the Lair of Beasts)

   It makes you much more stealthy.
 w - a +2 swamp dragon armour (worn)
 Y - a +2 buckler of reflection (worn)
Magical Staves
 B - an uncursed staff of wizardry
 I - an uncursed staff of earth
Jewellery
 u - an uncursed ring of see invisible
 E - the amulet of Kase (around neck) {Faith Str+6 Stlth-}
   (You found it on level 4 of the Dungeon)

   [amulet of faith]

   It allows you to gain divine favour quickly.
   It affects your strength (+6).
   It makes you less stealthy.
 K - the ring "Ymuemar" (right hand) {Wiz rPois rC+ Slay+2}
   (You found it on level 15 of the Dungeon)

   [ring of wizardry]

   It improves your spell success rate.
   It affects your accuracy and damage with ranged weapons and melee attacks
   (+2).
   It protects you from cold.
   It protects you from poison.
 N - an uncursed ring of protection from fire
 R - the amulet of Hyung {Reflect rElec rC- Int+6 SH+2}
   (You found it on level 4 of the Spider Nest)

   [amulet of reflection]

   It shields you and reflects attacks.
   It affects your intelligence (+6).
   It makes you vulnerable to cold.
   It insulates you from electricity.
   It affects your SH (+2).
 Z - a ring of magical power (left hand)
Wands
 k - a wand of iceblast (6/15)
 m - a wand of digging (17/24)
 p - a wand of teleportation (4/9)
Scrolls
 h - 2 scrolls of fog
 j - 4 scrolls of identify
 l - 19 scrolls of remove curse
 r - 6 scrolls of fear
 v - 10 scrolls of teleportation
 J - 6 scrolls of enchant armour
 O - a scroll of summoning
 P - 4 scrolls of blinking
 T - 3 scrolls of magic mapping
 V - 5 scrolls of recharging
Potions
 c - 3 potions of brilliance
 g - 8 potions of heal wounds
 q - 9 potions of curing
 s - 4 potions of flight
 x - 2 potions of haste
 z - 6 potions of ambrosia
 C - 6 potions of might
 F - 3 potions of magic
 H - 3 potions of berserk rage
 M - 2 potions of cancellation
 U - 7 potions of invisibility
 W - 3 potions of agility
Books
 o - a book of Geomancy

   Spells                             Type                      Level
   a - Sandblast                      Earth                        1
   b - Passwall                       Transmutation/Earth          2
   c - Stone Arrow                    Conjuration/Earth            3
   d - Petrify                        Transmutation/Earth          4
   e - Lee's Rapid Deconstruction     Earth                        5
Miscellaneous
 A - a legendary deck of war {the Dance}
Comestibles
 d - 19 bread rations
 i - 19 meat rations
 D - 2 beef jerkies
 X - a royal jelly


   Skills:
 - Level 10.3 Fighting
 + Level 12.0 Maces & Flails
 - Level 7.5 Armour
 + Level 11.5 Dodging
 - Level 8.8 Stealth
 - Level 5.2 Shields
 - Level 17.7 Spellcasting
 - Level 10.5 Conjurations
 - Level 9.4 Charms
 - Level 0.8 Summonings
   Level 2.8 Necromancy
 - Level 3.2 Translocations
 - Level 8.4 Transmutations
 - Level 5.7 Fire Magic
 - Level 6.1 Ice Magic
 + Level 12.8 Air Magic
 - Level 9.3 Earth Magic
 - Level 5.7 Invocations
 - Level 5.6 Evocations


You had 4 spell levels left.
You knew the following spells:

 Your Spells              Type           Power        Failure   Level  Hunger
a - Haste                 Chrm           ######..     4%          6    #......
b - Call Imp              Summ           ####....     1%          2    None
c - Conjure Flame         Conj/Fire      ######..     1%          3    None
d - Mephitic Cloud        Conj/Pois/Air  ######..     1%          3    None
e - Blink                 Tloc           N/A          1%          2    None
f - Repel Missiles        Chrm/Air       ######       1%          2    None
g - Shroud of Golubria    Chrm/Tloc      ######....   1%          2    None
h - Statue Form           Tmut/Erth      ######...    6%          6    #......
i - Iron Shot             Conj/Erth      ######....   4%          6    #......
j - Freezing Cloud        Conj/Ice/Air   ######....   4%          6    #......
k - Bolt of Fire          Conj/Fire      ######....   7%          6    #......
l - Lee's Rapid Deconstr  Erth           ######....   1%          5    None


Dungeon Overview and Level Annotations

Branches:
Dungeon (15/15)            Temple (1/1) D:5            Lair (8/8) D:10
  Swamp (4/4) Lair:6       Spider (4/4) Lair:3        Slime (0/6) Lair:8
    Orc (2/2) D:11            Elf (3/3) Orc:2        Vaults (0/5) D:14
 Depths (0/5) D:15

Altars:
Ashenzari
Cheibriados
Dithmenos
Elyvilon
Fedhas
Gozag
Hepliaklqana
Kikubaaqudgha
Makhleb
Nemelex Xobeh
Okawaru
Pakellas
Qazlal
Ru
Sif Muna
Trog
Uskayaw
Vehumet
Xom
Yredelemnul
Zin
The Shining One
Beogh

Shops:
D:5 (   D:6 [   D:11 [(   D:15 *(   Orc:2 !?[(

Annotations:
Elf:1 exclusion: orange crystal statue


Innate Abilities, Weirdness & Mutations

You are partially covered in molten scales. (AC +1)
You are resistant to hostile enchantments. (MR+)


Message History

an enchanted rapier; an elf skeleton
Things that are here:
a rapier x2; a leather armour You hear rumbling.
You see here a long sword.
Things that are here:
a dagger; a leather armour
Things that are here:
a shortbow; 15 arrows; 2 potions of degeneration You hear rumbling.
You see here an arrow.
You hear rumbling.
There is an open door here.
You see here a long sword of holy wrath.
You close the door.
There is an open door here.
A deep elf sorcerer opens the door.
The deep elf sorcerer gestures at you while chanting.
The sphere of damnation explodes!
The damnation engulfs you!
You die...

###.### ##.## ###
##'#+##.## ### ##.##
##...'## ##.## ##)..##
##.## ##### #.....# #
######.##
###...#####...####
##...#'## #.......#
#...# #.
##.....#######.......#
##### #.
#......e')...'.......#
#.
#.))8...######@......#
#. #.......# #.^.....#
#. ##..(..## ###...'##
##' #...:##
#####.########.#
#e#### ##'#...##.##
#.## ##.....'## #).#
#.......### #).#
#...⌠...'.. #)##
#.......###


You could see a deep elf sorcerer.

Vanquished Creatures
  Nikola (Spider:1)
  Arachne (Spider:4)
  Jorgrun (Spider:3)
  Rupert (Lair:5)
  2 deep elf blademasters
  Gastronok (Lair:2)
  Kirke (D:13)
  2 thorn hunters
  Donald (Orc:2)
  4 deep elf sorcerers
  Maud (Orc:2)
  An orc warlord (Orc:2)
  6 ghost moths
  A frost giant (D:15)
  A deep elf elementalist (Elf:3)
  8 emperor scorpions
  A very ugly thing (D:15)
  Azrael (D:15)
  4 deep elf demonologists
  Nessos (D:13)
  3 deep elf annihilators (Elf:3)
  An ettin (D:15)
  4 deep elf death magi
  4 vault guards (D:15)
  Josephine (Lair:6)
  A fire dragon (D:15)
  2 yaktaur captains (D:15)
  Fannar (Orc:1)
  3 entropy weavers
  A ghost crab (Swamp:4)
  2 deep elf high priests
  31 hydras
  10 centaur warriors
  An ogre mage (D:14)
  32 dancing weapons
  11 alligators
  4 tengu warriors (D:15)
  Erica (D:11)
  A deep troll shaman (D:15)
  6 death yaks
  A deep troll earth mage (D:15)
  2 orc high priests (Orc:2)
  11 deep elf knights
  2 spriggan berserkers (Swamp:4)
  Sonja (D:13)
  9 swamp dragons
  4 shambling mangroves
  An orange crystal statue (Elf:3)
  5 unseen horrors
  6 deep elf archers
  7 hill giants
  3 orc knights
  57 deep elf magi
  20 orb spiders
  20 ugly things
  4 manticores
  8 hornets
  6 cyclopes
  4 orc sorcerers
  A griffon (Lair:5)
  28 wolf spiders
  A moth of wrath (Spider:4)
  12 elephants (Lair:6)
  5 black mambas
  3 gargoyles
  2 guardian serpents (D:15)
  2 torpor snails (Spider:4)
  7 centaur skeletons
  19 spiny frogs
  6 rime drakes
  A yaktaur (D:15)
  A freezing wraith (D:14)
  3 kobold demonologists
  8 komodo dragons
  7 demonic crawlers
  3 spriggan druids
  3 tengu conjurers (D:15)
  42 jumping spiders
  5 giant leeches
  7 trolls
  3 two-headed ogres
  9 bog bodies
  7 blink frogs
  25 slime creatures
  13 polar bears
  A centaur simulacrum (D:15)
  An air elemental (Elf:3)
  4 water elementals
  16 spriggans
  7 fire elementals
  30 tarantellas
  4 wyverns
  Eustachio (D:5)
  3 shadows
  97 redbacks
  22 yaks
  15 hippogriffs
  7 wraiths
  A steam dragon (Lair:5)
  A hippogriff (shapeshifter) (Elf:2)
  3 hogs (D:13)
  12 vampire mosquitoes
  4 basilisks
  14 insubstantial wisps
  4 mottled dragons
  Edmund (D:5)
  17 swamp worms
  6 wargs
  11 water moccasins
  2 giant eyeballs (D:15)
  3 hell hounds (D:15)
  13 porcupines
  32 orc warriors
  18 swamp drakes
  5 ice beasts
  3 sky beasts
  8 black bears
  18 wasps
  2 necrophages
  14 ogres
  4 phantoms
  21 crocodiles
  17 centaurs
  39 wolves
  2 boggarts (D:15)
  4 big kobolds
  24 giant frogs
  3 gnoll sergeants
  5 jellies
  7 scorpions
  A wyvern skeleton (D:15)
  5 killer bees (D:10)
  9 wights
  A howler monkey (D:7)
  An electric eel (Lair:8)
  10 crimson imps
  8 centaur zombies
  A quasit (D:8)
  A wasp zombie (D:10)
  7 hounds
  Crazy Yiuf (D:5)
  23 orc priests
  24 orc wizards
  2 giant frog skeletons
  Jessica (D:3)
  A gnoll shaman (D:5)
  14 iguanas
  Ijyb (D:3)
  Natasha (thrice) (D:3)
  10 worker ants
  34 sheep
  A hound zombie (D:8)
  2 hound skeletons
  3 worker ant zombies
  22 gnolls
  92 river rats
  15 adders
  4 shadow imps
  2 oozes
  A worm (D:4)
  2 dart slugs
  9 giant geckos
  108 orcs
  3 ball pythons
  12 giant cockroaches
  8 hobgoblins
  6 jackals
  3 quokkas
  A ball python skeleton (D:4)
  17 bats
  7 giant newts
  7 goblins
  A jackal skeleton (D:4)
  16 kobolds
  20 rats
  A fungus (Lair:6)
  2 plants
1603 creatures vanquished.

Vanquished Creatures (collateral kills)
  3 redbacks (Spider:3)
  An electric eel (Lair:8)
  A sheep (Lair:3)
  A gnoll (D:5)
  A plant (Lair:5)
7 creatures vanquished.

Vanquished Creatures (others)
  A centaur warrior (D:15)
  An orc knight (D:15)
  A blink frog (Lair:6)
  A shadow (Swamp:2)
  A redback (Spider:3)
  A human (D:9)
  A centaur (D:13)
  An orc wizard (D:13)
  2 orcs
  41 fungi
  12 plants
63 creatures vanquished.

Grand Total: 1673 creatures vanquished

Notes
Turn   | Place    | Note
--------------------------------------------------------------
     0 | D:1      | Delvonshi the High Elf Wizard began the quest for the Orb.
     0 | D:1      | Reached XP level 1. HP: 11/11 MP: 6/6
   337 | D:1      | Reached skill level 4 in Spellcasting
   338 | D:1      | Reached XP level 2. HP: 17/17 MP: 8/8
   963 | D:2      | Reached XP level 3. HP: 21/21 MP: 3/9
  1455 | D:2      | Learned a level 2 spell: Call Imp
  1459 | D:2      | Learned a level 3 spell: Conjure Flame
  1463 | D:2      | Learned a level 3 spell: Mephitic Cloud
  1763 | D:3      | Reached XP level 4. HP: 20/27 MP: 11/11
  1828 | D:3      | Found a hide-covered altar of Uskayaw.
  1938 | D:3      | Reached skill level 1 in Air Magic
  1953 | D:3      | Noticed Natasha
  1995 | D:3      | Found an oddly glowing altar of Pakellas.
  2022 | D:3      | Killed Natasha
  2027 | D:3      | Noticed Ijyb
  2035 | D:3      | Killed Ijyb
  2059 | D:3      | Noticed Natasha
  2069 | D:3      | Killed Natasha
  2069 | D:3      | Reached XP level 5. HP: 23/31 MP: 5/12
  2122 | D:3      | Noticed Natasha
  2125 | D:3      | Killed Natasha
  2136 | D:3      | Found an opulent altar of Gozag.
  2439 | D:3      | Found a glowing drain.
  2443 | Sewer    | Entered a sewer
  2641 | Sewer    | Reached XP level 6. HP: 30/36 MP: 3/13
  2645 | Sewer    | Learned a level 2 spell: Blink
  2648 | Sewer    | Learned a level 2 spell: Repel Missiles
  2776 | Sewer    | Found a glowing silver altar of Zin.
  2866 | D:3      | Noticed Jessica
  2899 | D:3      | Killed Jessica
  3415 | D:3      | Reached skill level 5 in Conjurations
  3741 | D:4      | Found a shadowy altar of Dithmenos.
  3812 | D:4      | Reached skill level 5 in Air Magic
  4025 | D:4      | Reached XP level 7. HP: 41/41 MP: 14/14
  4150 | D:4      | Got a clouded jade amulet
  4525 | D:4      | Reached skill level 1 in Fighting
  4687 | D:5      | Entered Level 5 of the Dungeon
  4774 | D:5      | Found a staircase to the Ecumenical Temple.
  4795 | Temple   | Entered the Ecumenical Temple
  4880 | D:5      | Noticed Edmund
  4911 | D:5      | Killed Edmund
  5263 | D:5      | Found a basalt altar of Yredelemnul.
  5263 | D:5      | Found a glowing silver altar of Zin.
  5307 | D:5      | Noticed Eustachio
  5362 | D:5      | Killed Eustachio
  5362 | D:5      | Reached XP level 8. HP: 47/51 MP: 7/15
  5519 | D:5      | Found a bloodstained altar of Trog.
  5736 | D:5      | Noticed Crazy Yiuf
  5744 | D:5      | Killed Crazy Yiuf
  5868 | D:5      | Found a blossoming altar of Fedhas.
  5974 | D:5      | Found Fuepeg's Antique Weapon Emporium.
  5977 | D:5      | Bought a pitted flail for 229 gold pieces
  5977 | D:5      | Identified the amulet of Kase {Faith Str+6 Stlth-} (You found it on level 4 of the Dungeon)
  5979 | D:5      | Identified the +9 flail of the Beast {flame, rF+} (You bought it in a shop on level 5 of the Dungeon)
  6106 | D:6      | Reached skill level 5 in Spellcasting
  6603 | D:6      | Noticed a green ugly thing
  7050 | D:6      | Found Xofuycuj's Armour Shop.
  7089 | D:6      | Learned a level 2 spell: Shroud of Golubria
  7170 | D:6      | Reached skill level 6 in Spellcasting
  7177 | D:6      | Reached skill level 1 in Shields
  7183 | D:6      | Reached XP level 9. HP: 59/59 MP: 2/19
  7580 | D:6      | You fall through a shaft for 2 floors!
  7728 | D:8      | Reached skill level 5 in Fighting
  7750 | D:8      | Reached skill level 1 in Charms
  8222 | D:7      | Found a glowing golden altar of the Shining One.
  8819 | D:7      | Reached skill level 1 in Fire Magic
  8820 | D:7      | Reached skill level 7 in Spellcasting
  9224 | D:6      | Found a deep blue altar of Sif Muna.
  9228 | D:6      | Became a worshipper of Sif Muna the Loreminder
  9997 | D:8      | Reached skill level 1 in Invocations
  9997 | D:8      | Reached XP level 10. HP: 68/68 MP: 13/21
 10921 | D:9      | Found a shimmering altar of Xom.
 11061 | D:9      | Identified 2 scrolls of acquirement
 11064 | D:9      | Got a pair of steaming gloves
 11075 | D:9      | Identified the +0 pair of gloves of Makhleb {Str+4} (You acquired it on level 9 of the Dungeon)
 11630 | D:9      | Reached skill level 5 in Shields
 11632 | D:9      | Reached * piety under Sif Muna
 12231 | D:9      | Found an ancient bone altar of Kikubaaqudgha.
 12283 | D:9      | Reached skill level 5 in Invocations
 12401 | D:10     | Entered Level 10 of the Dungeon
 12412 | D:10     | Noticed a five-headed hydra
 12419 | D:10     | Killed a five-headed hydra
 12419 | D:10     | Reached skill level 5 in Fire Magic
 13012 | D:10     | Reached XP level 11. HP: 64/71 MP: 15/22
 13407 | D:10     | Noticed a hill giant
 13426 | D:10     | Killed a hill giant
 13426 | D:10     | Reached ** piety under Sif Muna
 13426 | D:10     | Reached skill level 5 in Dodging
 13921 | D:10     | Found a staircase to the Lair.
 14118 | Lair:1   | Entered Level 1 of the Lair of Beasts
 14123 | Lair:1   | Noticed a four-headed hydra
 14571 | D:10     | Killed a four-headed hydra
 14571 | D:10     | Reached skill level 8 in Spellcasting
 15219 | Lair:2   | Found an opulent altar of Gozag.
 15977 | Lair:1   | Reached skill level 1 in Evocations
 16020 | Lair:1   | Learned a level 6 spell: Statue Form
 16491 | Lair:2   | Reached *** piety under Sif Muna
 16661 | Lair:2   | Reached skill level 1 in Transmutations
 16672 | Lair:2   | Reached skill level 1 in Earth Magic
 16809 | Lair:2   | Noticed Gastronok
 17903 | Lair:3   | Noticed a four-headed hydra
 17908 | Lair:3   | Killed a four-headed hydra
 18068 | Lair:3   | Noticed a wolf spider
 18076 | Lair:3   | Killed a wolf spider
 18219 | Lair:3   | Found a hole to the Spider Nest.
 18270 | Lair:3   | Reached XP level 12. HP: 74/78 MP: 22/25
 18538 | Lair:3   | Learned a level 5 spell: Bolt of Draining
 18639 | Lair:3   | Reached **** piety under Sif Muna
 19323 | Lair:4   | Reached skill level 1 in Necromancy
 19882 | Lair:5   | Noticed Rupert
 20301 | Lair:5   | Reached skill level 5 in Transmutations
 20403 | Lair:5   | Paralysed by Rupert for 6 turns
 20501 | Lair:5   | Paralysed by Rupert for 3 turns
 20640 | Lair:5   | Killed Rupert
 20640 | Lair:5   | Reached ***** piety under Sif Muna
 20640 | Lair:5   | Reached skill level 5 in Evocations
 21643 | Lair:5   | Noticed a five-headed hydra
 21659 | Lair:5   | Killed a five-headed hydra
 21888 | Lair:6   | Noticed Josephine
 21901 | Lair:6   | Noticed a seven-headed hydra
 22207 | Lair:5   | Reached skill level 5 in Earth Magic
 22373 | Lair:6   | Reached ****** piety under Sif Muna
 22373 | Lair:6   | Received a gift from Sif Muna
 22390 | Lair:6   | Learned a level 6 spell: Iron Shot
 22394 | Lair:6   | Noticed a four-headed hydra
 22400 | Lair:6   | Killed a four-headed hydra
 22400 | Lair:6   | Reached skill level 9 in Spellcasting
 22682 | Lair:6   | Found a staircase to the Swamp.
 22852 | Lair:6   | Noticed a six-headed hydra
 22877 | Lair:5   | Noticed a death yak
 22882 | Lair:5   | Noticed a death yak
 22887 | Lair:5   | Noticed a death yak
 22949 | Lair:4   | Killed a death yak
 23080 | Lair:4   | Killed a death yak
 23194 | Lair:5   | Killed a death yak
 23194 | Lair:5   | Reached XP level 13. HP: 83/83 MP: 1/27
 24474 | Lair:6   | Killed Josephine
 24474 | Lair:6   | Reached skill level 10 in Spellcasting
 24676 | Lair:6   | Received a gift from Sif Muna
 24690 | Lair:6   | Identified Sif Muna's Handbook of Dark Arcane Weapons (Sif Muna gifted it to you on level 6 of the Lair of Beasts)
 25500 | Lair:6   | Reached skill level 11 in Spellcasting
 25948 | Lair:7   | Gained mutation: You are robust. (+10% HP) [potion of beneficial mutation]
 25956 | Lair:7   | You fall through a shaft!
 25956 | Lair:8   | Entered Level 8 of the Lair of Beasts
 26126 | Lair:8   | Got a fabulously ornate robe
 26137 | Lair:8   | Identified the +2 robe of Benevolence {*Corrode rPois Dex+6} (You found it on level 8 of the Lair of Beasts)
 26166 | Lair:8   | Reached skill level 12 in Spellcasting
 26169 | Lair:8   | Received a gift from Sif Muna
 26272 | Lair:8   | Learned a level 6 spell: Freezing Cloud
 26493 | Lair:8   | Reached skill level 1 in Ice Magic
 27277 | Lair:8   | Found a staircase to the Slime Pits.
 27295 | Lair:8   | Reached XP level 14. HP: 81/99 MP: 25/31
 29092 | Lair:7   | Received a gift from Sif Muna
 29345 | Lair:7   | Identified Xuistref's Compendium of the Glacier and Battle Magic (Sif Muna gifted it to you on level 7 of the Lair of Beasts)
 29938 | Lair:7   | Reached skill level 5 in Ice Magic
 30804 | D:11     | Noticed Erica
 30812 | D:11     | Killed Erica
 31137 | D:11     | Found Cyushra's Armour Emporium.
 31139 | D:11     | Found a staircase to the Orcish Mines.
 31211 | D:11     | Found Weneklo's Weapon Emporium.
 31224 | D:11     | Bought a +2 swamp dragon armour for 806 gold pieces
 31334 | Orc:1    | Entered Level 1 of the Orcish Mines
 31338 | Orc:1    | Received a gift from Sif Muna
 31546 | Orc:1    | Reached skill level 1 in Maces & Flails
 31666 | Orc:1    | Identified Nunigon's Guide on Sinister Bewitchment (Sif Muna gifted it to you on level 1 of the Orcish Mines)
 31699 | Orc:1    | Noticed Fannar
 31726 | Orc:1    | Killed Fannar
 32004 | Orc:2    | Entered Level 2 of the Orcish Mines
 32036 | Orc:2    | HP: 2/99 [orc sorcerer/bolt of negative energy (42)]
 32541 | Orc:2    | Found a staircase to the Elven Halls.
 32543 | Orc:2    | Noticed Donald
 32559 | Orc:2    | Killed Donald
 32642 | Orc:2    | Found a roughly hewn altar of Beogh.
 32765 | Orc:2    | Noticed Maud
 32812 | Orc:2    | Killed Maud
 33221 | Orc:2    | Found a roughly hewn altar of Beogh.
 33278 | Orc:2    | Found Qefrioch's Distillery.
 33302 | Orc:2    | Bought a potion of haste for 140 gold pieces
 33302 | Orc:2    | Bought a potion of curing for 42 gold pieces
 33793 | Orc:2    | Found a roughly hewn altar of Beogh.
 33835 | Orc:2    | Found Baxu's Magic Scroll Shoppe.
 33846 | Orc:2    | Bought a scroll of identify for 30 gold pieces
 33846 | Orc:2    | Bought a scroll of identify for 30 gold pieces
 33846 | Orc:2    | Bought a scroll of identify for 30 gold pieces
 33846 | Orc:2    | Bought a scroll of identify for 30 gold pieces
 33846 | Orc:2    | Bought a scroll of teleportation for 45 gold pieces
 33846 | Orc:2    | Bought a scroll of identify for 30 gold pieces
 34185 | Orc:2    | Noticed an orc warlord
 34196 | Orc:2    | Killed an orc warlord
 34272 | Orc:2    | Found Niumu's Antique Armour Shoppe.
 34272 | Orc:2    | Found a roughly hewn altar of Beogh.
 34274 | Orc:2    | Found Vekhlo Xairo's Antique Weapon Emporium.
 34741 | D:11     | Reached skill level 1 in Armour
 35555 | D:12     | Found a sparkling altar of Nemelex Xobeh.
 35601 | D:12     | Reached XP level 15. HP: 104/104 MP: 25/32
 35903 | D:12     | Reached skill level 10 in Conjurations
 36130 | D:12     | Got a coiled silver ring
 36132 | D:12     | Identified the ring of Harmony {*Tele Dex+2} (You found it on level 12 of the Dungeon)
 36520 | D:13     | Noticed Nessos
 36532 | D:13     | Killed Nessos
 36992 | D:13     | Noticed Sonja
 36998 | D:13     | Killed Sonja
 37237 | D:13     | Identified Sif Muna's Disquisition on Stolen Souls and the Frostbite
 37354 | D:13     | Learned a level 6 spell: Haste
 37395 | D:13     | Noticed Kirke
 37401 | D:13     | Killed Kirke
 37703 | D:14     | Found a shattered altar of Ashenzari.
 37894 | D:14     | Received a gift from Sif Muna
 38032 | D:14     | Gained mutation: Your natural rate of healing is unusually fast. [mutagenic meat]
 38037 | D:14     | Gained mutation: You occasionally shout uncontrollably at your foes. [mutagenic meat]
 38038 | D:14     | Gained mutation: Scrolls take you a little longer to read. [mutagenic meat]
 38039 | D:14     | Lost mutation: You occasionally shout uncontrollably at your foes. [potion of cure mutation]
 38039 | D:14     | Lost mutation: Scrolls take you a little longer to read. [potion of cure mutation]
 38039 | D:14     | Lost mutation: You are robust. (+10% HP) [potion of cure mutation]
 38039 | D:14     | Lost mutation: Your natural rate of healing is unusually fast. [potion of cure mutation]
 38053 | D:14     | Reached skill level 5 in Charms
 38172 | D:14     | Found a gate to the Vaults.
 38388 | D:14     | Gained mutation: You have a pair of small horns on your head. [mutagenic meat]
 38390 | D:14     | Gained mutation: You are frail. (-10% HP) [mutagenic meat]
 38391 | D:14     | Lost mutation: You are frail. (-10% HP) [potion of cure mutation]
 38391 | D:14     | Lost mutation: You have a pair of small horns on your head. [potion of cure mutation]
 38513 | D:14     | Reached skill level 5 in Armour
 38588 | D:14     | Gained mutation: You passively map a small area around you. [mutagenic meat]
 38589 | D:14     | Lost mutation: You passively map a small area around you. [mutagenic meat]
 38590 | D:14     | Gained mutation: You are partially covered in molten scales. (AC +1) [mutagenic meat]
 38591 | D:14     | Gained mutation: You are resistant to hostile enchantments. (MR+) [mutagenic meat]
 39137 | D:15     | Entered Level 15 of the Dungeon
 39200 | D:15     | Found Hotenefi's Magic Scroll Emporium.
 39379 | D:15     | Got a steaming wooden ring
 39380 | D:15     | Identified the ring "Tunwu" {Ice Str+3 Int+2} (You found it on level 15 of the Dungeon)
 39589 | D:15     | Got a heavily runed ring mail
 39590 | D:15     | Identified the +4 ring mail of the Fife {Str-2 Int+4 Dex+4 SInv} (You found it on level 15 of the Dungeon)
 39600 | D:15     | Found Ackeonwar's Weapon Emporium.
 39881 | D:15     | Paralysed by a giant eyeball for 2 turns
 39915 | D:15     | Reached XP level 16. HP: 81/108 MP: 33/33
 39956 | D:15     | Got a blackened ring mail
 39957 | D:15     | Identified the cursed +0 ring mail "Plog" {rCorr Dex+3} (You found it on level 15 of the Dungeon)
 39962 | D:15     | Got a warped brass ring
 39963 | D:15     | Identified the ring of the Manifold Songs {*Tele Int+7 Dex+2} (You found it on level 15 of the Dungeon)
 39997 | D:15     | Found Zyuwoch's Assorted Antiques.
 40398 | D:15     | Got a faintly glowing amber ring
 40399 | D:15     | Identified the ring "Ymuemar" {Wiz rPois rC+ Slay+2} (You found it on level 15 of the Dungeon)
 41009 | D:15     | Reached skill level 10 in Fighting
 41444 | D:15     | Identified Sif Muna's Volume of Snow and Summoning (You found it on level 15 of the Dungeon)
 41510 | D:15     | Noticed Azrael
 41526 | D:15     | Killed Azrael
 42078 | D:15     | Found a staircase to the Depths.
 42343 | Swamp:1  | Entered Level 1 of the Swamp
 42877 | Swamp:1  | Received a gift from Sif Muna
 42883 | Swamp:1  | Reached skill level 5 in Stealth
 42887 | Swamp:1  | Identified Sif Muna's Almanac of Supportive Transmutation (Sif Muna gifted it to you on level 1 of the Swamp)
 42968 | Swamp:1  | Reached skill level 13 in Spellcasting
 45423 | Swamp:3  | Reached XP level 17. HP: 116/116 MP: 32/35
 45487 | Swamp:3  | Reached skill level 14 in Spellcasting
 45556 | Swamp:3  | Got an encrusted chain mail
 45557 | Swamp:3  | Identified the cursed +1 chain mail of the Special Places {+Inv} (You found it on level 3 of the Swamp)
 45901 | Swamp:4  | Entered Level 4 of the Swamp
 46416 | Swamp:4  | Reached skill level 5 in Maces & Flails
 47398 | Swamp:4  | Received a gift from Sif Muna
 47407 | Swamp:4  | Reached skill level 15 in Spellcasting
 47543 | Swamp:4  | Identified Sif Muna's Disquisition on Attacks (Sif Muna gifted it to you on level 4 of the Swamp)
 47873 | Swamp:4  | Got a decaying rune of Zot
 48926 | Lair:2   | Killed Gastronok
 49079 | Spider:1 | Entered Level 1 of the Spider Nest
 49966 | Spider:1 | Noticed Nikola
 50075 | Spider:1 | Killed Nikola
 50946 | Spider:1 | Reached skill level 16 in Spellcasting
 51310 | Spider:1 | Reached XP level 18. HP: 115/122 MP: 39/39
 52230 | Spider:3 | Found a roughly hewn altar of Beogh.
 52382 | Spider:3 | Received a gift from Sif Muna
 52384 | Spider:3 | Identified Sif Muna's Almanac of Excruciating Protection (Sif Muna gifted it to you on level 3 of the Spider Nest)
 52491 | Spider:3 | Noticed Jorgrun
 53043 | Spider:3 | Killed Jorgrun
 53043 | Spider:3 | Reached skill level 17 in Spellcasting
 53328 | Spider:3 | Learned a level 6 spell: Bolt of Fire
 53620 | Spider:4 | Entered Level 4 of the Spider Nest
 53630 | Spider:4 | Noticed Arachne
 53653 | Spider:4 | Killed Arachne
 53808 | Spider:4 | Got a warped silver amulet
 53809 | Spider:4 | Identified the amulet of Hyung {Reflect rElec rC- Int+6 SH+2} (You found it on level 4 of the Spider Nest)
 54249 | Spider:4 | Reached skill level 10 in Maces & Flails
 55359 | Spider:4 | Got a gossamer rune of Zot
 55931 | Elf:1    | Entered Level 1 of the Elven Halls
 55966 | Elf:1    | Received a gift from Sif Muna
 55976 | Elf:1    | Learned a level 5 spell: Lee's Rapid Deconstruction
 56203 | Elf:1    | Reached XP level 19. HP: 106/126 MP: 32/41
 56308 | Elf:1    | Reached skill level 10 in Air Magic
 56322 | Elf:1    | Identified the Guide on Creative Confrontation
 58259 | Elf:2    | Got a transparent morningstar
 58260 | Elf:2    | Identified the +0 morningstar of Qeick {pain, *Corrode MR+++ Int+2 Dex+3} (You found it on level 2 of the Elven Halls)
 58357 | Elf:2    | Found a runed gate.
 58357 | Elf:2    | Found a runed gate.
 58357 | Elf:2    | Found a runed gate.
 58614 | Elf:2    | Reached skill level 10 in Dodging
 59745 | Elf:3    | Entered Level 3 of the Elven Halls
 60441 | Elf:3    | Got a crystal whip
 60447 | Elf:3    | Identified the +1 whip of Gonuap {elec, MR+} (You found it on level 3 of the Elven Halls)
 61068 | Elf:3    | Received a gift from Sif Muna
 61069 | Elf:3    | Identified Sif Muna's Disquisition on Damaging Enhancements (Sif Muna gifted it to you on level 3 of the Elven Halls)
 61291 | Elf:3    | Killed from afar by a deep elf sorcerer

Vault maps used:
D:1:      lightli_arrival_farm, feat_on_display
D:3:      johnstein_pakellas_death_squad, overflow_temple_1_default,
          nicolae_gozag_seed_capital, gup_sewer_entry_spiral, uniq_natasha,
          uniq_jessica, uniq_iyjb
D:4:      overflow_temple_1_default
D:5:      nicolae_overflow_hidden_temple, bloody_trog,
          gammafunk_temple_overflow_wave, minmay_temple_entry_hall, first_bread,
          serial_shops, nicolae_shop_behind_doors, uniq_eustachio, uniq_edmund,
          uniq_crazy_yiuf_cottage
D:6:      hangedman_cross_stitches, marbit_many_paths, serial_shops, shop,
          grunt_ministairs_13
D:7:      tso_metal_star
D:9:      kennysheep_little_box, tgw_kikubaaqudgha
D:10:     grunt_lair_entry_orc_guard_hut
D:11:     orc_david_3, uniq_erica
D:12:     nemelex_deck
D:13:     uniq_sonja, uniq_kirke, uniq_nessos
D:14:     hangedman_vaults_entry_quadrant_bands, lemuel_statue_altar
D:15:     hangedman_spin_cycle
Temple:   circular_temple_12
Lair:1:   portal_ice_cave_rime, serial_bayou_pond_a, beast_lair_carwin_9
Lair:2:   basic_altar, grunt_megastairs_2, uniq_gastronok
Lair:3:   spider_nest_entry_funnel_web, grunt_forest_large_clearings
Lair:5:   minmay_stone_trees_medium, guppyfry_lair_drakes, uniq_rupert
Lair:6:   minmay_swamp_entry_reptiles, uniq_josephine
Lair:8:   minmay_lair_end_enchanted_forest, slime_dummy, grunt_megastairs_3,
          infiniplex_staircase_pool_2, serial_bayou_shore_b,
          serial_bayou_shore_b, serial_bayou_shore_a
Swamp:1:  evilmike_swamp_ruin_rubble_1
Swamp:2:  evilmike_swamp_ruin_house_2, swamp_pool4
Swamp:3:  evilmike_swamp_ruin_house_3, swamp_pool2
Swamp:4:  swamp_basic_johnstein
Spider:1: uniq_nikola
Spider:3: nicolae_spider_mines_2, nicolae_orb_island, uniq_jorgrun
Spider:4: spider_rune_water, uniq_arachne
Orc:1:    uniq_fannar
Orc:2:    grunt_orc_community_town_hall, grunt_orc_community_big_house_1,
          grunt_orc_community_big_house_2, grunt_orc_community_house_1,
          grunt_orc_community_house_3, grunt_orc_community_house_1,
          grunt_orc_community_house_2, uniq_donald, uniq_maud
Elf:1:    minmay_elf_sorcery, minivault_16, spider_trap
Elf:2:    uniq_azrael
Elf:3:    minmay_elf_hall_four_x, minivault_15, spider_trap
Sewer:    sewer_kobolds

Skill      XL: |  1  2  3  4  5  6  7  8  9 10 11 12 13 14 15 16 17 18 19 |
---------------+----------------------------------------------------------+-----
Spellcasting   | 4 6 7 8 9 12 13 16 17 | 17.7
Conjurations   | 2 3 4 5 6 7 8 9 10 | 10.5
Air Magic      | 2 4 5 6 7 9 12 | 12.8
Fighting       | 2 4 6 9 10 | 10.3
Shields        | 1 3 5 |  5.2
Charms         | 2 7 9 |  9.4
Translocations | 3 |  3.2
Fire Magic     | 2 5 |  5.7
Invocations    | 1 5 |  5.7
Dodging        | 4 6 8 11 | 11.5
Evocations     | 4 5 |  5.6
Transmutations | 4 7 8 |  8.4
Earth Magic    | 2 5 8 9 |  9.3
Necromancy     | 2 |  2.8
Ice Magic      | 2 6 |  6.1
Maces & Flails | 4 8 10 12 | 12.0
Armour         | 1 6 7 |  7.5
Stealth        | 8 |  8.8
Summonings     | |  0.8

Action                   |  1- 3 |  4- 6 |  7- 9 | 10-12 | 13-15 | 16-18 | 19-21 || total
-------------------------+-------+-------+-------+-------+-------+-------+-------++-------
Melee: Short sword       |    67 |    62 |     2 |       |       |       |       ||   131
       Trident           |       |       |   359 |   914 |   592 |       |       ||  1865
       Flail             |       |       |       |     2 |   557 |  1309 |   240 ||  2108
       Morningstar       |       |       |       |       |       |       |    14 ||    14
 Cast: Magic Dart        |    21 |    97 |   167 |   235 |   126 |       |       ||   646
       Mephitic Cloud    |       |     6 |    12 |    40 |    41 |    17 |       ||   116
       Conjure Flame     |       |     2 |    44 |    95 |    62 |     2 |       ||   205
       Repel Missiles    |       |     1 |     1 |     1 |     6 |     1 |     1 ||    11
       Blink             |       |       |    11 |    42 |    26 |    11 |     4 ||    94
       Call Imp          |       |       |     2 |    27 |     5 |       |       ||    34
       Shroud of Golubri |       |       |     1 |    11 |    10 |     6 |       ||    28
       Iron Shot         |       |       |       |    10 |    82 |    82 |    51 ||   225
       Bolt of Draining  |       |       |       |     2 |       |       |       ||     2
       Statue Form       |       |       |       |       |    16 |    33 |     1 ||    50
       Freezing Cloud    |       |       |       |       |    93 |   111 |    41 ||   245
       Haste             |       |       |       |       |       |    10 |     5 ||    15
       Bolt of Fire      |       |       |       |       |       |    11 |     4 ||    15
Invok: Forget Spell      |       |       |       |     1 |     1 |       |       ||     2
       Channel Energy    |       |       |       |       |       |     3 |       ||     3
 Abil: End Transformatio |       |       |       |       |     5 |    16 |       ||    21
       Evoke Invisibilit |       |       |       |       |     1 |       |       ||     1
Evoke: Wand              |       |       |       |     3 |     2 |     1 |       ||     6
  Use: Scroll            |       |       |    11 |    20 |    17 |    11 |     6 ||    65
       Potion            |       |       |       |     5 |     3 |     4 |     1 ||    13
 Stab: Sleeping          |    10 |     7 |     1 |       |    12 |    19 |    18 ||    67
       Distracted        |     1 |       |       |     1 |     1 |     5 |     1 ||     9
       Confused          |       |     1 |     2 |     8 |    26 |    11 |       ||    48
       Invisible         |       |       |       |       |     2 |       |       ||     2
  Eat: Chunk             |     2 |     8 |    16 |    41 |    94 |    52 |    20 ||   233
       Royal jelly       |       |       |     1 |       |       |     3 |       ||     4
       Beef jerky        |       |       |     1 |     2 |       |     4 |       ||     7
       Fruit             |       |       |       |     3 |    14 |     5 |       ||    22
       Bread ration      |       |       |       |       |     1 |     5 |       ||     6
       Pizza             |       |       |       |       |       |     5 |       ||     5
Armor: Robe              |    30 |    18 |    42 |    58 |    48 |       |       ||   196
       Troll leather arm |       |       |       |   113 |    33 |       |       ||   146
       Skin              |       |       |       |       |   167 |   562 |    22 ||   751
       Swamp dragon armo |       |       |       |       |   197 |   560 |   100 ||   857
Dodge: Dodged            |    41 |    38 |   124 |   530 |   820 |  1169 |   103 ||  2825
       Deflected         |       |       |     2 |     5 |    28 |    20 |    16 ||    71
Block: Buckler           |       |       |     3 |   319 |   476 |   672 |    66 ||  1536
       Reflection        |       |       |       |       |    29 |    10 |     9 ||    48
